Cogmind - Beta 12 @@@ ROGUE MODE // 2023.11.18 @ 21:53:13 Player: monistgf Result: Escaped! Performance ------------- Evolutions (9) 4500 Regions Visited (23) 4600 Robots Destroyed (109) 545 Value Destroyed (3582) 3582 Prototype IDs (79) 1580 Alien Tech Used (6) 1200 Bonus (6633) 6633 TOTAL SCORE: 22640 Bonus ------- High Alert Combat Kills 68 Follower Combat Kills 1609 Network Hubs Disabled 200 Met Data Miner 300 Met Zhirov 300 A7 Reached Mainframe 300 Met R17 at Cetus 500 Scanned by Researcher 500 Win 3000 Friendly Fire -144 Cogmind --------- Core Integrity 1190/1600 Matter 257/300 Energy 149/150 System Corruption 0% Temperature Cool (2) Movement Flying (27) Location To Epsilon Eridani Parts ------- > --- POWER (2) -------- Micro Antimatter Reactor > --- PROPULSION (6) --- Field Propulsion Array Experimental Q-thruster > --- UTILITY (15) ----- Advanced Weight Redist. System Machine Analyzer Enhanced Optical Array Advanced Signal Interpreter Long-range Terrain Scanner Advanced Melee Analysis Suite Experimental Cloaking Device System Shield Advanced System Shield Advanced Corruption Screen > --- WEAPON (2) ------- Hypervelocity Railgun > --- INVENTORY (5) ---- Advanced Coolant Injector Advanced Sensor Array Peak State ------------ > --- POWER ------------ Light Particle Reactor Micro Antimatter Reactor > --- PROPULSION ------- Electron Diverter Impulse Thruster Array Impulse Thruster Array Experimental Q-thruster > --- UTILITY ---------- Advanced Power Amplifier Advanced Weight Redist. System Machine Analyzer Enhanced Optical Array Advanced Sensor Array Advanced Signal Interpreter Long-range Terrain Scanner Advanced Melee Analysis Suite Advanced Transmission Jammer Advanced Reaction Control System Experimental Cloaking Device Advanced System Shield Advanced System Shield Advanced Corruption Screen Mini Drone Bay > --- WEAPON ----------- Railgun Enhanced Force Lance > --- INVENTORY -------- Light Particle Reactor Cooled Nuclear Pulse Thruster Advanced Coolant Injector Transdimensional Reconstructor Terrabomb [Rating: 177] Favorites ----------- Power Makeshift Power Source Engine Makeshift Power Source Power Core Light Nuclear Core Reactor Heavy Antimatter Reactor Propulsion Improved Flight Unit Treads Light Treads Leg Titanium Leg Wheel Compact Wheel Hover Unit Improved Gravmag System Flight Unit Improved Flight Unit Utility Hacking Suite Device Improved Sensor Array Storage Large Storage Unit Processor Improved Signal Interpreter Hackware Hacking Suite Protection Improved Utility Shielding Weapon Gatling Laser Energy Gun Gatling Laser Energy Cannon Heavy Particle Cannon Ballistic Gun Gauss Rifle Launcher Grenade Launcher Impact Weapon Great Maul Slashing Weapon Katana Piercing Weapon Enhanced Force Lance Build | -11 -10 -9 -8 -7 -7 -7 -7 -6 -6 -6 -6 -6 -6 -5 -4 -4 -4 -4 -3 -3 -3 -2 -1 ------- Run | Jun Mat Mat Mat Fac Low Low Dat Pro Fac Ext Cet Arc Hub Fac Fac Upp Upp Zhi Pro Res Qua Res Acc Slots Evolved 18 | . . 2 2 2 . . . . 2 . . . . 2 2 . . . . 2 . 2 2 Power 1 | . . . . . . . . . . . . . . . 1 . . . . . . . . Propulsion 4 | . . 1 . 1 . . . . . . . . . 2 . . . . . . . . . Utility 13 | . . 1 2 1 . . . . 2 . . . . . 1 . . . . 2 . 2 2 Weapon . | . . . . . . . . . . . . . . . . . . . . . . . . Parts Attached 280 | . 7 28 35 29 6 3 1 . 9 15 7 4 7 9 39 3 2 13 2 4 13 23 21 Power 38 | . 1 5 4 4 . 1 . . . 1 1 . 2 . 7 . . 1 . . 2 5 4 Engine 17 | . 1 5 3 2 . 1 . . . . 1 . 1 . 2 . . . . . . . 1 Core 7 | . . . 1 2 . . . . . 1 . . 1 . 2 . . . . . . . . Reactor 14 | . . . . . . . . . . . . . . . 3 . . 1 . . 2 5 3 Propulsion 77 | . 2 8 10 11 1 . . . 1 11 1 . 1 2 13 1 . 4 . 3 . 5 3 Treads 6 | . . 2 1 2 . . . . . 1 . . . . . . . . . . . . . Leg 15 | . . 2 7 3 . . . . . 3 . . . . . . . . . . . . . Wheel 9 | . 2 3 2 1 . . . . . . . . . . . . . . . 1 . . . Hover 7 | . . . . . . . . . . . . . . 2 5 . . . . . . . . Flight 40 | . . 1 . 5 1 . . . 1 7 1 . 1 . 8 1 . 4 . 2 . 5 3 Utility 100 | . 4 5 11 5 . 1 . . 6 . 2 3 4 5 10 2 2 7 2 1 6 12 12 Device 61 | . 3 1 1 3 . . . . 3 . . 2 3 3 10 2 1 5 1 . 5 10 8 Storage 2 | . 1 . . 1 . . . . . . . . . . . . . . . . . . . Processor 8 | . . . 1 . . . . . 1 . 1 . . 1 . . . . . 1 . 1 2 Hackware 10 | . . . 1 1 . 1 . . 1 . . . . 1 . . 1 1 . . 1 1 1 Protection 19 | . . 4 8 . . . . . 1 . 1 1 1 . . . . 1 1 . . . 1 Artifact . | . . . . . . . . . . . . . . . . . . . . . . . . Weapon 65 | . . 10 10 9 5 1 1 . 2 3 3 1 . 2 9 . . 1 . . 5 1 2 Energy Gun 12 | . . 1 . 3 1 . 1 . 1 1 2 . . 2 . . . . . . . . . Energy Cannon 4 | . . . 2 2 . . . . . . . . . . . . . . . . . . . Ballistic Gun 33 | . . 7 8 3 1 . . . . 1 1 . . . 6 . . 1 . . 3 1 1 Ballistic Cannon . | . . . . . . . . . . . . . . . . . . . . . . . . Launcher 5 | . . 2 . 1 2 . . . . . . . . . . . . . . . . . . Special Weapon . | . . . . . . . . . . . . . . . . . . . . . . . . Impact Weapon 5 | . . . . . . . . . . . . . . . 3 . . . . . 2 . . Slashing Weapon 5 | . . . . . 1 1 . . 1 1 . 1 . . . . . . . . . . . Piercing Weapon 1 | . . . . . . . . . . . . . . . . . . . . . . . 1 Special Melee Weapon . | . . . . . . . . . . . . . . . . . . . . . . . . Unidentified Prototypes 19 | . . 1 1 . . . . . 1 . 1 . . . 2 1 . 3 . 1 3 2 3 Parts Lost 95 | . 1 6 17 9 3 . . . . 1 3 5 8 1 15 . 1 . . . 3 6 16 Power 19 | . 1 1 2 1 1 . . . . . 1 1 . 1 5 . . . . . . 2 3 Propulsion 30 | . . 3 5 5 1 . . . . 1 1 1 3 . 4 . 1 . . . 1 . 4 Utility 30 | . . 1 5 . . . . . . . . 3 3 . 6 . . . . . 1 4 7 Weapon 16 | . . 1 5 3 1 . . . . . 1 . 2 . . . . . . . 1 . 2 Highest Loss Streak 10 | . 1 6 10 5 3 . . . . 1 2 5 4 1 7 . 1 . . . 3 4 9 To Critical Strikes . | . . . . . . . . . . . . . . . . . . . . . . . . Average Slot Usage (%) 90 | . 98 97 88 94 92 94 92 100 99 100 98 95 82 68 84 70 72 78 89 81 88 79 79 Engine 3 | . 14 10 4 6 . 1 7 7 6 5 5 6 . . 3 . . . . . . . . Core 1 | . . . 4 . . . . . . . . . 5 5 2 . . . . . . . . Reactor 1 | . . . . . . . . . . . . . . . 2 . . 3 5 4 3 6 7 Treads 1 | . . 15 5 4 . . . . . . . . . . . . . . . . . . . Leg 4 | . 21 3 15 15 . . . . . . . . . . . . . . . . . . . Wheel 1 | . 6 12 3 3 . . . . . . . . . . . . . . . . . . . Flight 16 | . . . . . 30 30 30 30 25 25 26 24 20 5 16 21 20 21 26 23 23 16 14 Device 14 | . 12 12 6 14 15 15 15 15 13 13 6 10 17 14 15 23 21 20 15 14 17 22 23 Storage 2 | . 14 11 9 6 . . . . . . . . . . . . . . . . . . . Processor 8 | . . . 1 7 7 7 7 7 12 13 13 13 13 11 10 10 10 10 10 10 14 13 19 Hackware 11 | . . . 5 7 15 15 15 15 15 20 20 17 13 12 12 5 9 12 13 9 9 12 10 Protection 6 | . . 8 14 7 7 7 7 7 10 6 12 8 2 5 3 . . 2 6 9 9 2 . Energy Gun 3 | . 14 2 . 4 6 7 . 7 2 5 6 6 1 3 . . . . . . . . . Ballistic Gun 5 | . 14 19 14 5 6 2 . . . 2 4 . . . 5 5 5 . 5 4 3 . 2 Slashing Weapon 1 | . . . . . . 4 7 7 9 3 . 6 6 . . . . . . . . . . Naked Turns . | . . . . . . . . . . . . . . . . . . . . . . . . Heaviest Build 52 | 11 29 40 44 42 17 14 14 14 19 20 20 16 19 14 33 27 18 34 39 39 40 46 52 Greatest Support 61 | 20 20 40 60 61 20 20 20 20 20 25 21 19 19 19 40 30 21 39 39 40 40 46 55 Greatest Overweight (x) 8 | . 1 1 8 2 . . . . . 1 . . 2 . . 1 . 1 . . . . 1 Average Overweight (x) . | . . . . 1 . . . . . . . . . . . . . . . . . . . Largest Inventory Capacity 15 | . 15 15 15 15 5 5 5 5 5 5 5 5 5 5 5 5 5 5 5 5 5 5 5 Average Capacity 7 | . 10 15 15 14 5 5 5 5 5 5 5 5 5 5 5 5 5 5 5 5 5 5 5 Most Carried 15 | . 9 15 15 15 5 5 5 5 5 5 5 5 4 5 5 5 5 5 5 5 5 5 5 Average Carried 6 | . 7 10 13 12 4 4 5 4 4 4 4 3 2 4 4 3 4 4 4 4 4 4 3 Final Capacity 15 | 8 15 15 15 5 5 5 5 5 5 5 5 5 5 5 5 5 5 5 5 5 5 5 5 Final Carried 15 | 6 9 15 15 5 5 5 5 5 5 5 5 2 4 5 4 4 5 5 4 5 4 4 2 Class Distribution -------------------- 29% | Hacker-Sprinter 18% | Mutant 15% | Scavenger-Mutant 12% | Hacker-Ninja 8% | Hacker-Scout 4% | Commander-Scout 3% | Commander-Ninja Dominant Class ---------------- Mutant | -10/Materials Scavenger-Mutant | -9/Materials Scavenger-Mutant | -8/Materials Scavenger-Mutant | -7/Factory Hacker-Sprinter | -7/Lower Caves Hacker-Sprinter | -7/Lower Caves Hacker-Sprinter | -7/Data Miner Hacker-Sprinter | -6/Proximity Caves Hacker-Ninja | -6/Factory Commander-Ninja | -6/Extension Commander-Scout | -6/Cetus Hacker-Scout | -6/Archives Hacker-Sprinter | -6/Hub_04(d) Hacker-Mutant | -5/Factory Hacker-Scout | -4/Factory Mutant | -4/Upper Caves Mutant | -4/Upper Caves Mutant | -4/Zhirov Hacker-Sprinter | -3/Proximity Caves Derelict-Sprinter | -3/Research Hacker-Ninja | -3/Quarantine Hacker-Ninja | -2/Research Hacker-Scout | -1/Access Resources | -11 -10 -9 -8 -7 -7 -7 -7 -6 -6 -6 -6 -6 -6 -5 -4 -4 -4 -4 -3 -3 -3 -2 -1 ----------- Run | Jun Mat Mat Mat Fac Low Low Dat Pro Fac Ext Cet Arc Hub Fac Fac Upp Upp Zhi Pro Res Qua Res Acc Matter Collected 4177 | 200 103 286 972 407 211 74 . 25 60 313 157 10 . . 359 75 203 63 97 . 50 166 346 Remotely . | . . . . . . . . . . . . . . . . . . . . . . . . Salvage Created 3742 | . 367 429 1210 658 66 . . . . 155 104 30 . . 164 . . 63 180 . 50 73 193 Parts 205 | . 24 51 63 30 7 . . . . 7 4 3 . . 10 . . . . . 3 . 3 Haulers Intercepted 2 | . 1 . . . . . . . . . . . . . . . . . . . . . 1 Recyclers Shooed 4 | . . . 3 . . . . . . 1 . . . . . . . . . . . . . Parts Field Recycled . | . . . . . . . . . . . . . . . . . . . . . . . . Retrieved Matter . | . . . . . . . . . . . . . . . . . . . . . . . . Parts Self-Destructed 16 | . . . . . 6 4 . 6 . . . . . . . . . . . . . . . Prevented . | . . . . . . . . . . . . . . . . . . . . . . . . Kills | -11 -10 -9 -8 -7 -7 -7 -7 -6 -6 -6 -6 -6 -6 -5 -4 -4 -4 -4 -3 -3 -3 -2 -1 ------- Run | Jun Mat Mat Mat Fac Low Low Dat Pro Fac Ext Cet Arc Hub Fac Fac Upp Upp Zhi Pro Res Qua Res Acc Combat Hostiles Destroyed 90 | . 9 18 26 20 6 . . . . 2 4 . . . 5 . . . . . . . . Guns 58 | . 9 7 20 12 2 . . . . 1 4 . . . 3 . . . . . . . . Cannons 7 | . . . 6 1 . . . . . . . . . . . . . . . . . . . AOE 24 | . . 11 . 7 4 . . . . . . . . . 2 . . . . . . . . Classes Destroyed 13 | . 3 4 2 2 . . . . . 2 . . . . . . . . . . . . . Worker 1 | . . . . 1 . . . . . . . . . . . . . . . . . . . Builder 1 | . . 1 . . . . . . . . . . . . . . . . . . . . . Hauler 2 | . 1 . . . . . . . . . . . . . . . . . . . . . 1 Recycler 3 | . . 1 2 . . . . . . . . . . . . . . . . . . . . Operator 7 | . . . 3 . . . . . . . . 1 . . . . . . . . . . 3 Watcher 5 | . . . . . . . . . . 1 . . . . 1 . . . . . 1 2 . Swarmer 46 | . 3 12 6 10 6 . . . . . 4 . . . 5 . . . . . . . . Grunt 28 | . 6 2 15 5 . . . . . . . . . . . . . . . . . . . Brawler 2 | . . 1 . 1 . . . . . . . . . . . . . . . . . . . Duelist 2 | . . . 1 1 . . . . . . . . . . . . . . . . . . . Sentry 10 | . . 3 4 2 . . . . . 1 . . . . . . . . . . . . . Hunter 1 | . . . . . . . . . . 1 . . . . . . . . . . . . . Programmer 1 | . . . . 1 . . . . . . . . . . . . . . . . . . . Best Kill Streak 8 | . 3 7 4 8 3 . . . . 1 2 1 . . 3 . . . . . 1 1 1 Combat Bots Only 8 | . 3 7 4 8 3 . . . . 1 2 . . . 3 . . . . . . . . Max Kills in Single Turn 4 | . 1 4 1 2 2 . . . . 1 2 1 . . 2 . . . . . 1 1 1 Gunslinging . | . . . . . . . . . . . . . . . . . . . . . . . . Exploded 4 | . . 4 . 2 2 . . . . . . . . . 2 . . . . . . . . Melee . | . . . . . . . . . . . . . . . . . . . . . . . . Uniques/NPCs Destroyed . | . . . . . . . . . . . . . . . . . . . . . . . . Combat | -11 -10 -9 -8 -7 -7 -7 -7 -6 -6 -6 -6 -6 -6 -5 -4 -4 -4 -4 -3 -3 -3 -2 -1 -------- Run | Jun Mat Mat Mat Fac Low Low Dat Pro Fac Ext Cet Arc Hub Fac Fac Upp Upp Zhi Pro Res Qua Res Acc Damage Taken 12541 | . 355 619 2724 1333 355 . . 92 20 244 441 272 518 185 1595 89 154 . 375 21 611 705 1833 Core 2498 | . 96 106 425 217 105 . . 53 . 16 61 74 182 33 372 17 55 . 164 . 60 162 300 Absorbed by Shields 132 | . . . . . . . . . . 30 73 . . . . . . . . . . . 29 Redirected to Shielding 443 | . . 4 27 58 19 . . . . . . 16 26 5 31 . . . 20 18 96 20 103 Regen/Repaired (Parts) 126 | . . . . . . . . . 12 . . . . . . . . . . . . 114 . Core Remaining (%) 69 | 100 61 73 22 . . . . 46 . . . . 60 96 . . . . 47 . 95 88 74 Volleys Fired 316 | . 34 31 126 47 10 . . . . 21 18 . . . 15 . . . . 4 8 . 2 Largest 2 | . 2 2 2 2 2 . . . . 2 2 . . . 2 . . . . 1 1 . 1 Hottest 140 | . 70 70 100 140 108 . . . . 91 138 . . . 108 . . . . 35 40 . 40 Shots Fired 577 | . 68 55 250 86 12 . . 1 1 33 30 . . . 27 . . . . 4 8 . 2 Gun 498 | . 68 49 214 54 7 . . 1 1 33 30 . . . 27 . . . . 4 8 . 2 Cannon 61 | . . . 36 25 . . . . . . . . . . . . . . . . . . . Launcher 18 | . . 6 . 7 5 . . . . . . . . . . . . . . . . . . Special . | . . . . . . . . . . . . . . . . . . . . . . . . Kinetic 396 | . 34 44 214 26 5 . . . . 20 14 . . . 25 . . . . 4 8 . 2 Thermal 163 | . 34 5 36 53 2 . . 1 1 13 16 . . . 2 . . . . . . . . Explosive 18 | . . 6 . 7 5 . . . . . . . . . . . . . . . . . . Electromagnetic . | . . . . . . . . . . . . . . . . . . . . . . . . Robot Hit Streak 20 | . 8 20 12 13 5 . . 4 . 10 9 . . . 3 . . . . 5 2 . . Robot Miss Streak 6 | . 3 2 3 3 3 . . . . 2 3 . . . 6 . . . . 1 2 . . Penetration Max 1 | . . . . . . . . . . . 1 . . . 1 . . . . . . . . Secondary Targets 6 | . . 1 3 . . . . . . . . . . . 2 . . . . . . . . Max Gunslinging Chain 1 | . . 1 1 . . . . . . . . . . . 1 . . . . . . . . Shots Hit Robots 391 | . 40 40 153 65 8 . . 1 . 23 21 2 1 . 11 . . 2 5 3 4 3 9 Core Hits 202 | . 18 31 63 52 9 . . . . 5 8 1 . . 10 . . . . 1 2 . 2 Critical Kills 2 | . 1 . . . . . . . . . . . . . . . . . . . 1 . . Critical Parts Destroyed 10 | . . . 1 . 1 . . . . 1 . . . . 1 . . 1 1 . 3 . 1 Critical Strikes 13 | . 2 . 1 . 1 . . . . 1 . . . . 1 . . 1 1 . 4 . 1 Burn 1 | . 1 . . . . . . . . . . . . . . . . . . . . . . Destroy 9 | . 1 . 1 . 1 . . . . 1 . . . . 1 . . . . . 4 . . Smash 3 | . . . . . . . . . . . . . . . . . . 1 1 . . . 1 Melee Attacks 100 | . . . . . 3 2 . . 9 4 . 7 7 . 6 2 . 2 11 . 18 11 18 Kinetic 1 | . . . . . . . . . . . . . . . . . . . . . 1 . . Impact 59 | . . . . . . . . . . . . . . . 6 2 . 2 11 . 17 11 10 Slashing 32 | . . . . . 3 2 . . 9 4 . 7 7 . . . . . . . . . . Piercing 8 | . . . . . . . . . . . . . . . . . . . . . . . 8 Sneak Attacks 5 | . . . . . . . . . . . . 2 1 . . . . . . . . . 2 Combat Hostiles . | . . . . . . . . . . . . . . . . . . . . . . . . Follow-up Attacks . | . . . . . . . . . . . . . . . . . . . . . . . . Damage Inflicted 9317 | . 415 1048 2574 1692 449 . . 22 . 497 415 163 70 . 427 . . 229 370 76 44 169 657 Guns 5179 | . 415 457 2014 877 101 . . 22 . 457 415 . . . 301 . . . . 76 44 . . Cannons 899 | . . . 550 349 . . . . . . . . . . . . . . . . . . . Explosions 1469 | . . 584 . 466 348 . . . . . . . . . 71 . . . . . . . . Melee 1753 | . . . . . . . . . . 40 . 163 70 . 55 . . 229 370 . . 169 657 Ramming 17 | . . 7 10 . . . . . . . . . . . . . . . . . . . . Kinetic 3791 | . 149 419 2014 287 58 . . . . 263 201 . . . 280 . . . . 76 44 . . Thermal 2287 | . 266 38 550 939 43 . . 22 . 194 214 . . . 21 . . . . . . . . Explosive 1398 | . . 584 . 466 348 . . . . . . . . . . . . . . . . . . Electromagnetic 71 | . . . . . . . . . . . . . . . 71 . . . . . . . . Impact 1395 | . . . . . . . . . . . . . . . 55 . . 229 370 . . 169 572 Slashing 273 | . . . . . . . . . . 40 . 163 70 . . . . . . . . . . Piercing 85 | . . . . . . . . . . . . . . . . . . . . . . . 85 Highest Corruption 7 | . . . 2 1 1 1 1 1 5 5 5 5 7 . 2 2 2 2 2 . 1 1 . Average Corruption 2 | . . . 2 1 1 1 1 1 5 5 5 5 5 . 1 2 2 2 2 . 1 1 . Corruption Purged . | . . . . . . . . . . . . . . . . . . . . . . . . Corruption Blocked 12 | . . . . . . . . . . . . . . . . . . . . . . 2 10 Effects 107 | . . . 2 . 11 9 . 6 11 26 14 2 10 . 5 3 3 1 4 . . . . Message Errors 27 | . . . 2 . 3 3 . 1 2 6 3 . 3 . 2 . 1 . 1 . . . . Matter Fused 32 | . . . . . 7 2 . 2 4 8 3 1 3 . 2 . . . . . . . . Heat Flow Errors 12 | . . . . . . . . . . 2 4 . 2 . . 3 . 1 . . . . . Energy Discharges 12 | . . . . . 1 1 . . 3 3 1 1 1 . . . . . 1 . . . . Parts Rejected 1 | . . . . . . . . . . . . . 1 . . . . . . . . . . Data Loss (minor) 10 | . . . . . . 2 . 1 1 2 1 . . . . . 1 . 2 . . . . Data Loss (major) 2 | . . . . . . . . . . . 1 . . . 1 . . . . . . . . Misfires 5 | . . . . . . . . 1 1 2 1 . . . . . . . . . . . . Alerts 4 | . . . . . . 1 . 1 . 1 . . . . . . 1 . . . . . . Weapon Failures 2 | . . . . . . . . . . 2 . . . . . . . . . . . . . Overload Shots . | . . . . . . . . . . . . . . . . . . . . . . . . Overflow Damage 753 | . . 6 5 8 32 . . . . . . 46 20 . . . . 200 170 . . 82 184 Projectiles 5 | . . . 5 . . . . . . . . . . . . . . . . . . . . Explosions 46 | . . 6 . 8 32 . . . . . . . . . . . . . . . . . . Melee 702 | . . . . . . . . . . . . 46 20 . . . . 200 170 . . 82 184 Knockbacks 7 | . . . . . . . . . . . . . . . 1 . . . . . . 3 3 Impact 7 | . . . . . . . . . . . . . . . 1 . . . . . . 3 3 Kinetic . | . . . . . . . . . . . . . . . . . . . . . . . . Secondary . | . . . . . . . . . . . . . . . . . . . . . . . . Self-Inflicted Damage 104 | . . . 1 14 71 . . . . . . . . . 18 . . . . . . . . Shots 5 | . . . . 1 3 . . . . . . . . . 1 . . . . . . . . Rammed 5 | . . 2 3 . . . . . . . . . . . . . . . . . . . . Targets Rammed 5 | . . 2 3 . . . . . . . . . . . . . . . . . . . . Kicked . | . . . . . . . . . . . . . . . . . . . . . . . . Crushed . | . . . . . . . . . . . . . . . . . . . . . . . . Highest Temperature 378 | . 132 44 249 60 36 . . 40 54 222 378 4 231 . 36 229 . 24 . . . . . Average Temperature 68 | . 52 11 50 23 16 . . 26 32 78 115 4 86 . 21 100 . 16 . . . . . Received Heat Transfer 2720 | . 168 177 1326 372 12 . . . . 18 44 63 102 63 192 30 36 . 30 . . 9 78 Effects 3 | . . . 1 . . . . . . 1 1 . . . . . . . . . . . . Energy Bleed 3 | . . . 1 . . . . . . 1 1 . . . . . . . . . . . . Siege Activations . | . . . . . . . . . . . . . . . . . . . . . . . . Robots Corrupted . | . . . . . . . . . . . . . . . . . . . . . . . . Combat Hostiles . | . . . . . . . . . . . . . . . . . . . . . . . . Parts Fried 9 | . . . . . . . . . . . . . . . . . . . 1 . . 5 3 Impact Corruptions 20 | . . . . . . . . . . . . . . . . . . 8 3 . . 2 7 Robots Melted 1 | . . . . . . . . . . 1 . . . . . . . . . . . . . Combat Hostiles 1 | . . . . . . . . . . 1 . . . . . . . . . . . . . Parts Melted 11 | . 2 . 2 6 . . . . . 1 . . . . . . . . . . . . . Heat Transferred 4738 | . 851 111 814 1905 100 . . 75 . 407 425 . . . 50 . . . . . . . . Parts Sabotaged . | . . . . . . . . . . . . . . . . . . . . . . . . Parts Stolen . | . . . . . . . . . . . . . . . . . . . . . . . . Parts Stripped . | . . . . . . . . . . . . . . . . . . . . . . . . Power Chain Reactions . | . . . . . . . . . . . . . . . . . . . . . . . . Missiles Intercepted . | . . . . . . . . . . . . . . . . . . . . . . . . Alert | -11 -10 -9 -8 -7 -7 -7 -7 -6 -6 -6 -6 -6 -6 -5 -4 -4 -4 -4 -3 -3 -3 -2 -1 ------- Run | Jun Mat Mat Mat Fac Low Low Dat Pro Fac Ext Cet Arc Hub Fac Fac Upp Upp Zhi Pro Res Qua Res Acc Peak Influence 642 | . 237 375 427 453 . . . . 88 399 642 215 317 381 510 . . . . 207 393 628 427 Initial 252 | . . 40 157 153 . . . . 50 21 223 176 67 144 186 . . . . 138 48 213 252 Average 225 | . 88 200 227 270 . . . . 67 170 435 189 148 201 264 . . . . 162 235 380 241 Maximum Alert Level 2 | . 1 1 2 2 . . . . . 1 2 1 1 1 2 . . . . 1 1 2 2 Low Security (%) 45 | . 84 35 44 34 . . . . 100 64 1 70 79 77 20 . . . . 60 39 . 31 Level 1 43 | . 15 64 42 51 . . . . . 35 39 29 20 22 63 . . . . 40 60 63 63 Level 2 11 | . . . 13 14 . . . . . . 58 . . . 16 . . . . . . 36 5 Level 3 . | . . . . . . . . . . . . . . . . . . . . . . . . Level 4 . | . . . . . . . . . . . . . . . . . . . . . . . . Level 5 . | . . . . . . . . . . . . . . . . . . . . . . . . High Security . | . . . . . . . . . . . . . . . . . . . . . . . . Max Security . | . . . . . . . . . . . . . . . . . . . . . . . . Squads Dispatched 41 | . 2 2 4 6 . . . . 2 4 . . 2 3 4 . . . . 2 4 . 6 Investigation 16 | . 1 . 1 1 . . . . 2 . . . 2 3 2 . . . . 1 2 . 1 Extermination 5 | . . . . 1 . . . . . . . . . . 2 . . . . . 1 . 1 Reinforcement 17 | . 1 2 3 1 . . . . . 4 . . . . . . . . . 1 1 . 4 Assault . | . . . . . . . . . . . . . . . . . . . . . . . . Garrison 3 | . . . . 3 . . . . . . . . . . . . . . . . . . . Intercept . | . . . . . . . . . . . . . . . . . . . . . . . . Searches Triggered 1 | . . . . . . . . . . . . . . . . . . . . . . . 1 Data Miner Redirects 3 | . . . . . . . . . . . . . . . 2 . . . . . 1 . . Construction Impeded 3 | . . . . 1 . . . . . 2 . . . . . . . . . . . . . Haulers Reinforced . | . . . . . . . . . . . . . . . . . . . . . . . . Active Scanning Responses . | . . . . . . . . . . . . . . . . . . . . . . . . Cargo Convoy Interrupts . | . . . . . . . . . . . . . . . . . . . . . . . . Stealth | -11 -10 -9 -8 -7 -7 -7 -7 -6 -6 -6 -6 -6 -6 -5 -4 -4 -4 -4 -3 -3 -3 -2 -1 --------- Run | Jun Mat Mat Mat Fac Low Low Dat Pro Fac Ext Cet Arc Hub Fac Fac Upp Upp Zhi Pro Res Qua Res Acc Distress Signals 17 | . 1 1 1 2 . . . . . 5 2 . . . 2 . . . . . . 1 2 Communications Jammed 116 | . . . . . . . . . . . 10 . 38 . . . . . 8 11 11 20 18 Distress Signals 103 | . . . . . . . . . . . 10 . 38 . . . . . 8 11 11 8 17 Times Spotted 374 | . 17 14 37 23 8 3 . 4 5 23 19 5 18 20 44 4 4 . 24 5 18 29 50 Peak Tracking Total 25 | . 5 10 5 6 4 4 . 3 4 4 5 4 9 8 17 4 4 . 11 3 8 8 25 Tactical Retreats 47 | . 1 . . . 2 1 . 1 2 2 . . 2 4 11 2 . . 6 1 2 7 3 Traps | -11 -10 -9 -8 -7 -7 -7 -7 -6 -6 -6 -6 -6 -6 -5 -4 -4 -4 -4 -3 -3 -3 -2 -1 ------- Run | Jun Mat Mat Mat Fac Low Low Dat Pro Fac Ext Cet Arc Hub Fac Fac Upp Upp Zhi Pro Res Qua Res Acc Traps Triggered 10 | . 2 . 1 . . . . . 1 2 . . . 1 2 . . . . . . . 1 Indirectly . | . . . . . . . . . . . . . . . . . . . . . . . . Trap Hack Attempts . | . . . . . . . . . . . . . . . . . . . . . . . . Triggered . | . . . . . . . . . . . . . . . . . . . . . . . . Disarmed 4 | . . . . . . . . . . . . . . . 4 . . . . . . . . Reprogrammed 6 | . . . . . . . . . . . . . 6 . . . . . . . . . . Reused 3 | . . . . . . . . . . . . . 3 . . . . . . . . . . Traps Extracted . | . . . . . . . . . . . . . . . . . . . . . . . . Installed 1 | . . . . . . . . . . . . . . . . 1 . . . . . . . Triggered 5 | . . . . . 1 . . . . . . . 3 . . . 1 . . . . . . Most Traps Carried 1 | . . . . . . . . . . . . . . . . 1 . . . . . . . Machines | -11 -10 -9 -8 -7 -7 -7 -7 -6 -6 -6 -6 -6 -6 -5 -4 -4 -4 -4 -3 -3 -3 -2 -1 ---------- Run | Jun Mat Mat Mat Fac Low Low Dat Pro Fac Ext Cet Arc Hub Fac Fac Upp Upp Zhi Pro Res Qua Res Acc Machines Disabled 26 | . . 3 2 3 . . . . . 5 2 . 1 . 2 1 . . . . 5 . 2 Max in Single Turn 3 | . . 3 1 1 . . . . . . . . 1 . 2 1 . . . . 1 . 1 Garrison Access 2 | . . . . . . . . . 1 . . . . 1 . . . . . . . . . Network Hub 1 | . . . . . . . . . . . . . 1 . . . . . . . . . . Machines Repaired 1 | . . . . . . . . . . . . . 1 . . . . . . . . . . Machines Sabotaged . | . . . . . . . . . . . . . . . . . . . . . . . . Overloaded Fab Kills . | . . . . . . . . . . . . . . . . . . . . . . . . Hacking | -11 -10 -9 -8 -7 -7 -7 -7 -6 -6 -6 -6 -6 -6 -5 -4 -4 -4 -4 -3 -3 -3 -2 -1 --------- Run | Jun Mat Mat Mat Fac Low Low Dat Pro Fac Ext Cet Arc Hub Fac Fac Upp Upp Zhi Pro Res Qua Res Acc Machines Accessed 94 | . 2 3 4 3 . 1 4 . 7 7 1 . 10 5 8 2 . 5 1 6 11 5 9 Terminals 68 | . 2 3 4 1 . . . . 4 7 1 . 10 4 4 . . . 1 6 10 3 8 Fabricators 4 | . . . . 2 . . . . 1 . . . . . 1 . . . . . . . . Repair Stations 4 | . . . . . . . . . 1 . . . . . 1 . . . . . . 1 1 Recycling Units 1 | . . . . . . . . . . . . . . . 1 . . . . . . . . Scanalyzers 1 | . . . . . . . . . . . . . . . 1 . . . . . . . . Garrison Access 4 | . . . . . . . . . 1 . . . . 1 . . . . . . 1 1 . Total Hacks 413 | . 7 8 13 11 . 1 29 . 16 21 1 . 26 21 66 2 . 18 1 37 62 27 46 Successful 210 | . 1 3 6 7 . 1 29 . 11 13 1 . 16 12 50 2 . 18 1 8 18 10 3 Failed 201 | . 6 5 6 4 . . . . 5 8 . . 10 9 15 . . . . 29 44 17 43 Catastrophic 62 | . . . 2 1 . . . . . 2 . . 2 2 2 . . . . 5 18 7 21 Database Lockouts 2 | . . . 1 . . . . . . . . . . . 1 . . . . . . . . Manual 154 | . . 4 10 6 . . . . 4 14 1 . 9 10 45 . . . . 13 15 10 13 Terminals 318 | . 7 8 13 5 . . . . 9 21 1 . 26 20 51 . . . 1 37 57 17 45 Fabricators 14 | . . . . 6 . . . . 2 . . . . . 6 . . . . . . . . Repair Stations 17 | . . . . . . . . . 4 . . . . . 4 . . . . . . 8 1 Recycling Units 3 | . . . . . . . . . . . . . . . 3 . . . . . . . . Scanalyzers 2 | . . . . . . . . . . . . . . . 2 . . . . . . . . Garrison Access 9 | . . . . . . . . . 1 . . . . 1 . . . . . . 5 2 . Terminal Hacks 166 | . 1 3 6 3 . 1 29 . 5 11 1 . 14 11 30 2 . 18 1 7 17 3 3 Record 23 | . . . . . . . 11 . . . . . 1 . 1 1 . 6 . . 3 . . Part Schematic 14 | . . . . 1 . . 9 . . . . . . . . . . 4 . . . . . Robot Schematic 6 | . . . . . . . 6 . . . . . . . . . . . . . . . . Robot Analysis 8 | . . 1 . . . . . . . 1 . . . . 2 . . 4 . . . . . Prototype ID Bank 30 | . . 1 3 1 . . 3 . 1 2 . . 3 3 2 . . 4 . 1 4 1 1 Open Door 5 | . . . . . . 1 . . . . 1 . . . . 1 . . 1 1 . . . Level Access Points 5 | . . . . . . . . . 1 . . . 1 1 1 . . . . . . . 1 Branch Access Points 5 | . . 1 . . . . . . . . . . . 1 1 . . . . . 1 1 . Machine Index 1 | . . . . . . . . . . . . . . . 1 . . . . . . . . Terminal Index 3 | . . . . . . . . . . 1 . . . . 1 . . . . . 1 . . Recycling Unit Index 1 | . . . . . . . . . . . . . . . 1 . . . . . . . . Alert Level 18 | . . . 1 1 . . . . 1 3 . . 3 2 3 . . . . . 4 . . Unreport Threat 8 | . . . 1 . . . . . 1 2 . . 1 . 2 . . . . 1 . . . Locate Traps 8 | . 1 . . . . . . . . . . . 3 3 1 . . . . . . . . Disarm Traps 1 | . . . . . . . . . . . . . . . 1 . . . . . . . . Reprogram Traps 1 | . . . . . . . . . . . . . 1 . . . . . . . . . . Dispatch Records 1 | . . . . . . . . . . . . . . . 1 . . . . . . . . Patrol Status 1 | . . . . . . . . . . . . . . . 1 . . . . . . . . Transport Status 2 | . . . . . . . . . . . . . . . 2 . . . . . . . . Recall Investigation 3 | . . . . . . . . . . . . . . 1 2 . . . . . . . . Recall Extermination 2 | . . . . . . . . . . . . . . . 2 . . . . . . . . Recall Reinforcements 1 | . . . . . . . . . . 1 . . . . . . . . . . . . . Hauler Manifests 8 | . . . 1 . . . . . 1 1 . . . . 1 . . . . 2 1 1 . Registered Components 4 | . . . . . . . . . . . . . 1 . 1 . . . . 1 1 . . Registered Prototypes 2 | . . . . . . . . . . . . . . . 2 . . . . . . . . Zone Layout 5 | . . . . . . . . . . . . . . . 1 . . . . 1 2 . 1 Fabricator Hacks 7 | . . . . 3 . . . . 1 . . . . . 3 . . . . . . . . Network Status 3 | . . . . 1 . . . . 1 . . . . . 1 . . . . . . . . Load Schematic 2 | . . . . 1 . . . . . . . . . . 1 . . . . . . . . Build 2 | . . . . 1 . . . . . . . . . . 1 . . . . . . . . Repair Station Hacks 10 | . . . . . . . . . 3 . . . . . 2 . . . . . . 5 . Scan Component 7 | . . . . . . . . . 2 . . . . . 2 . . . . . . 3 . Repair 3 | . . . . . . . . . 1 . . . . . . . . . . . . 2 . Recycling Unit Hacks 3 | . . . . . . . . . . . . . . . 3 . . . . . . . . Process 1 | . . . . . . . . . . . . . . . 1 . . . . . . . . Report Inventory 1 | . . . . . . . . . . . . . . . 1 . . . . . . . . Retrieve Matter 1 | . . . . . . . . . . . . . . . 1 . . . . . . . . Scanalyzer 2 | . . . . . . . . . . . . . . . 2 . . . . . . . . Insert Component 1 | . . . . . . . . . . . . . . . 1 . . . . . . . . Analyze 1 | . . . . . . . . . . . . . . . 1 . . . . . . . . Garrison Access Hacks 2 | . . . . . . . . . 1 . . . . 1 . . . . . . . . . Seal Access 2 | . . . . . . . . . 1 . . . . 1 . . . . . . . . . Unauthorized Hacks 20 | . . . . 1 . . . . 1 2 . . 2 . 10 . . . . 1 1 2 . Terminals 18 | . . . . . . . . . 1 2 . . 2 . 9 . . . . 1 1 2 . Track 1 | . . . . . . . . . . . . . . . 1 . . . . . . . . Assimilate 4 | . . . . . . . . . . 1 . . . . 2 . . . . . 1 . . Botnet 7 | . . . . . . . . . . 1 . . . . 3 . . . . 1 . 2 . Disrupt 2 | . . . . . . . . . . . . . . . 2 . . . . . . . . Operators 2 | . . . . . . . . . 1 . . . . . 1 . . . . . . . . Sabotage 2 | . . . . . . . . . . . . . 2 . . . . . . . . . . Fabricators 2 | . . . . 1 . . . . . . . . . . 1 . . . . . . . . Prioritize 2 | . . . . 1 . . . . . . . . . . 1 . . . . . . . . Repair Stations . | . . . . . . . . . . . . . . . . . . . . . . . . Recycling Units . | . . . . . . . . . . . . . . . . . . . . . . . . Scanalyzers . | . . . . . . . . . . . . . . . . . . . . . . . . Garrison Access . | . . . . . . . . . . . . . . . . . . . . . . . . Data Cores Recovered . | . . . . . . . . . . . . . . . . . . . . . . . . Used . | . . . . . . . . . . . . . . . . . . . . . . . . Hacking Detections 70 | . 2 2 4 2 . . . . 6 7 1 . 9 4 4 . . . . 5 10 5 9 Full Trace Events 13 | . 1 1 1 1 . . . . 1 . . . . 2 2 . . . . 1 2 . 1 Feedback Events 2 | . . . . . . . . . . . . . . . 1 . . . . . . . 1 Hackware Fried 2 | . . . . . . . . . . . . . . . 1 . . . . . . . 1 Feedback Blocked 1 | . . . . . . . . . . . . . . . . . . . . . 1 . . Robot Schematics Acquired 6 | . . . . . . . 6 . . . . . . . . . . . . . . . . Robots Built . | . . . . . . . . . . . . . . . . . . . . . . . . Authchips . | . . . . . . . . . . . . . . . . . . . . . . . . Time . | . . . . . . . . . . . . . . . . . . . . . . . . Total Robot Build Rating . | . . . . . . . . . . . . . . . . . . . . . . . . Part Schematics Acquired 15 | . . . . 1 . . 9 . . . . . . . 1 . . 4 . . . . . Parts Built 2 | . . . . 1 . . . . . . . . . . 1 . . . . . . . . Authchips . | . . . . . . . . . . . . . . . . . . . . . . . . Time 98 | . . . . 49 . . . . . . . . . . 49 . . . . . . . . Total Part Build Rating 4 | . . . . 2 . . . . . . . . . . 2 . . . . . . . . Parts Repaired 3 | . . . . . . . . . 1 . . . . . . . . . . . . 2 . Time 102 | . . . . . . . . . 25 . . . . . . . . . . . . 77 . Parts Recycled . | . . . . . . . . . . . . . . . . . . . . . . . . Recycled Matter 28 | . . . . . . . . . . . . . . . 28 . . . . . . . . Retrieved Matter 28 | . . . . . . . . . . . . . . . 28 . . . . . . . . Retrieved Components . | . . . . . . . . . . . . . . . . . . . . . . . . Parts Scanalyzed 1 | . . . . . . . . . . . . . . . 1 . . . . . . . . Part Schematics Acquired 1 | . . . . . . . . . . . . . . . 1 . . . . . . . . Parts Damaged . | . . . . . . . . . . . . . . . . . . . . . . . . Bothacking | -11 -10 -9 -8 -7 -7 -7 -7 -6 -6 -6 -6 -6 -6 -5 -4 -4 -4 -4 -3 -3 -3 -2 -1 ------------ Run | Jun Mat Mat Mat Fac Low Low Dat Pro Fac Ext Cet Arc Hub Fac Fac Upp Upp Zhi Pro Res Qua Res Acc Used RIF Installer . | . . . . . . . . . . . . . . . . . . . . . . . . Robots Hacked . | . . . . . . . . . . . . . . . . . . . . . . . . Non-combat . | . . . . . . . . . . . . . . . . . . . . . . . . Combat . | . . . . . . . . . . . . . . . . . . . . . . . . Robot Hacks Applied . | . . . . . . . . . . . . . . . . . . . . . . . . Relay Couplers Released . | . . . . . . . . . . . . . . . . . . . . . . . . Fabnet Peak Effective % . | . . . . . . . . . . . . . . . . . . . . . . . . Robots Rewired 13 | . . . . . . . . . . 13 . . . . . . . . . . . . . Allies Hacked . | . . . . . . . . . . . . . . . . . . . . . . . . Hacks Repelled . | . . . . . . . . . . . . . . . . . . . . . . . . Allies | -11 -10 -9 -8 -7 -7 -7 -7 -6 -6 -6 -6 -6 -6 -5 -4 -4 -4 -4 -3 -3 -3 -2 -1 -------- Run | Jun Mat Mat Mat Fac Low Low Dat Pro Fac Ext Cet Arc Hub Fac Fac Upp Upp Zhi Pro Res Qua Res Acc Total Allies 36 | . . . . . . . . 1 . 29 4 . . . 1 . . . . . 1 . . Largest Group 16 | . . . . . . . . 1 . 16 12 . . . 1 . . . . . 1 . . Highest-Rated Group 714 | . . . . . . . . 96 . 521 714 . . . 9 . . . . . 26 . . Highest-Rated Ally 159 | . . . . . . . . 96 . 159 159 . . . 9 . . . . . 26 . . Total Orders 5 | . . . . . . . . . . 3 2 . . . . . . . . . . . . STAY 3 | . . . . . . . . . . 2 1 . . . . . . . . . . . . FOLLOW 2 | . . . . . . . . . . 1 1 . . . . . . . . . . . . Ally Attacks 330 | . . . . . . . . 8 . 228 94 . . . . . . . . . . . . Total Damage 7538 | . . . . . . . . 215 . 4224 3099 . . . . . . . . . . . . Kills 47 | . . . . . . . . 3 . 31 13 . . . . . . . . . . . . Allies Corrupted . | . . . . . . . . . . . . . . . . . . . . . . . . Allies Melted . | . . . . . . . . . . . . . . . . . . . . . . . . Intel | -11 -10 -9 -8 -7 -7 -7 -7 -6 -6 -6 -6 -6 -6 -5 -4 -4 -4 -4 -3 -3 -3 -2 -1 ------- Run | Jun Mat Mat Mat Fac Low Low Dat Pro Fac Ext Cet Arc Hub Fac Fac Upp Upp Zhi Pro Res Qua Res Acc Robot Analysis Total 8 | . . 1 . . . . . . . 1 . . . . 2 . . 4 . . . . . Derelict Logs Recovered 4 | . . . . . 1 . . 1 . . . . . . . 2 . . . . . . . Drone Launches . | . . . . . . . . . . . . . . . . . . . . . . . . Drone Recoveries . | . . . . . . . . . . . . . . . . . . . . . . . . Exploration | -11 -10 -9 -8 -7 -7 -7 -7 -6 -6 -6 -6 -6 -6 -5 -4 -4 -4 -4 -3 -3 -3 -2 -1 ------------- Run | Jun Mat Mat Mat Fac Low Low Dat Pro Fac Ext Cet Arc Hub Fac Fac Upp Upp Zhi Pro Res Qua Res Acc Turns Passed 11271 | . 515 587 1107 974 1253 875 31 378 516 844 462 51 269 235 703 279 404 85 225 90 325 406 657 Spaces Moved 13580 | 1 308 228 423 449 708 615 92 494 789 979 472 66 698 526 1534 578 397 179 691 286 761 887 1419 Core 1 | . . . 1 . . . . . . . . . . . . . . . . . . . . Treads 288 | . . 194 54 36 . . . . . 4 . . . . . . . . . . . . . Legs 702 | 1 211 7 316 162 . . . . . 5 . . . . . . . . . . . . . Wheels 393 | . 97 27 52 217 . . . . . . . . . . . . . . . . . . . Hover 33 | . . . . . . . . . . . . . . 33 . . . . . . . . . Flight 12163 | . . . . 34 708 615 92 494 789 970 472 66 698 493 1534 578 397 179 691 286 761 887 1419 Fastest Speed 22 | 120 95 80 120 31 31 31 31 31 31 29 29 29 29 40 22 28 34 24 24 24 25 28 23 Average Speed 42 | 120 115 152 148 140 31 31 31 31 31 32 29 30 32 41 32 42 34 29 24 24 25 29 26 Slowest Speed 450 | 120 190 190 450 260 31 31 31 31 31 190 31 34 180 60 40 112 34 109 24 25 28 31 112 Overloaded Moves . | . . . . . . . . . . . . . . . . . . . . . . . . Propulsion Burnouts . | . . . . . . . . . . . . . . . . . . . . . . . . Robots Hopped 168 | . . . . . . . . . 8 14 1 1 23 7 32 1 1 . 7 5 15 23 30 Cave-ins Triggered . | . . . . . . . . . . . . . . . . . . . . . . . . Teleports 1 | . . . . . . . . . . . . . . . . . . . . . . . 1 Exploration Rate (%) 51 | 2 54 21 34 13 82 76 69 63 18 85 90 83 67 22 34 83 59 63 70 13 73 29 40 Regions Visited 23 Branch Regions 13 Pre-discovered Areas 5 | . . . . . . . 1 . . . . . . . . 1 . 3 . . . . . Known Exits Taken 20 | . . . 1 1 1 1 1 1 1 1 1 1 1 1 1 1 1 1 1 1 1 1 . Unknown Exits Taken 3 | 1 1 1 . . . . . . . . . . . . . . . . . . . . . Scrap Searched 16 | . . . . . 4 1 . 3 . . . . . . . 3 2 . 3 . . . . Spaces Dug 54 | . . 5 . . 3 2 . . 7 3 . 4 1 . 4 . . . 5 . 9 6 5 Terrain Destroyed 231 | . . 63 13 74 26 2 . . 7 5 . 4 1 . 11 . . . 5 . 9 6 5 Melee 49 | . . . . . 3 2 . . 7 3 . 4 1 . 4 . . . 5 . 9 6 5 Projectile 22 | . . . 13 . . . . . . 2 . . . . 7 . . . . . . . . AOE 160 | . . 63 . 74 23 . . . . . . . . . . . . . . . . . . Terrain Rammed . | . . . . . . . . . . . . . . . . . . . . . . . . Walls Destroyed . | . . . . . . . . . . . . . . . . . . . . . . . . Machines Disabled . | . . . . . . . . . . . . . . . . . . . . . . . . Actions | -11 -10 -9 -8 -7 -7 -7 -7 -6 -6 -6 -6 -6 -6 -5 -4 -4 -4 -4 -3 -3 -3 -2 -1 --------- Run | Jun Mat Mat Mat Fac Low Low Dat Pro Fac Ext Cet Arc Hub Fac Fac Upp Upp Zhi Pro Res Qua Res Acc Total 18188 | . 403 416 662 702 1722 1295 93 718 1038 1447 764 83 706 535 1659 607 663 207 721 296 838 982 1631 Wait 3739 | . 45 105 44 148 992 672 . 223 230 347 264 8 14 . 72 18 265 . 19 5 23 66 179 Move 13238 | . 307 227 422 448 707 614 91 493 773 951 469 63 654 513 1474 575 394 178 676 275 730 842 1362 Hop 150 | . . . . . . . . . 7 13 1 1 20 5 27 1 1 . 7 5 15 21 26 Pick Up 83 | . 6 8 16 9 3 2 . 1 3 2 2 . 4 3 5 2 1 3 1 . 3 5 4 Fast Attach 132 | . 3 6 17 6 . 1 1 . 5 8 3 . 4 5 18 2 2 9 2 2 8 18 12 Attach 75 | . 1 7 10 8 2 . . . 3 2 2 3 2 3 12 2 . 2 . 1 3 4 8 Detach 41 | . . 5 . 2 . . . . 2 1 . . . 2 10 2 . 1 2 2 3 3 6 Swap 77 | . 3 15 8 15 4 2 . . 1 5 2 1 1 1 9 . . 3 . 1 2 1 3 Drop 128 | . 4 10 16 19 1 2 1 1 5 10 3 . . 3 11 2 . 9 3 1 11 11 5 Fire 316 | . 34 31 126 47 10 . . . . 21 18 . . . 15 . . . . 4 8 . 2 Melee 100 | . . . . . 3 2 . . 9 4 . 7 7 . 6 2 . 2 11 . 18 11 18 Ram 1 | . . . 1 . . . . . . . . . . . . . . . . . . . . Kick . | . . . . . . . . . . . . . . . . . . . . . . . . Crush 4 | . . 2 2 . . . . . . . . . . . . . . . . . . . . Escape Stasis 56 | . . . . . . . . . . 36 . . . . . . . . . . 14 . 6 Rewire 47 | . . . . . . . . . . 47 . . . . . . . . . . . . . Trap 1 | . . . . . . . . . . . . . . . . 1 . . . . . . . Miscellaneous . | . . . . . . . . . . . . . . . . . . . . . . . . Route ------- -11/Junkyard -10/Materials -9/Materials (discovered 3 exits: *Mat / Min x2) -8/Materials -7/Factory (discovered 2 exits: *Fac / *Low) -7/Lower Caves -7/Lower Caves (discovered 2 exits: *Fac / *Dat) -7/Data Miner -6/Proximity Caves -6/Factory (discovered 5 exits: Fac x4 / *Ext) -6/Extension (discovered 2 exits: *Fac / *Cet) -6/Cetus (discovered 3 exits: *Fac x2 / *Arc) -6/Archives (discovered 3 exits: *Fac / *Hub x2) -6/Hub_04(d) (discovered 4 exits: *Fac x4) -5/Factory (discovered 6 exits: *Fac x4 / Upp x2) -4/Factory (discovered 7 exits: Res x4 / *Upp x2 / Arm) -4/Upper Caves -4/Upper Caves (discovered 2 exits: *Res / *Zhi) -4/Zhirov -3/Proximity Caves -3/Research -3/Quarantine -2/Research (discovered 3 exits: *Acc / Tes x2) -1/Access To Epsilon Eridani History --------- Turn | Location | Event 1 | -11/Junkyard | Discovered new exit (range 0) 1 | -11/Junkyard | Entered Materials 308 | -10/Materials | Build established: Mutant 435 | -10/Materials | Discovered new exit (range 6) 516 | -10/Materials | Entered another Materials area 516 | -9/Materials | Evolved 2 slots: Propulsion x1, Utility x1 638 | -9/Materials | Destroyed 7 combat bots 692 | -9/Materials | Lost 6 parts (1p3n1u1w) 989 | -9/Materials | Build established: Scavenger-Mutant 1066 | -9/Materials | Discovered new exit (range 8) 1082 | -9/Materials | Identified exit to Mines 1103 | -9/Materials | Entered another Materials area 1103 | -8/Materials | Evolved 2 slots: Utility x2 1341 | -8/Materials | Lost 4 parts (1n2u1w) 1513 | -8/Materials | Core integrity fell below 50% 1533 | -8/Materials | Lost 10 parts (1p4n2u3w) 1569 | -8/Materials | Central database locked down 2030 | -8/Materials | Discovered new exit (range 8) 2050 | -8/Materials | Identified exit to Factory 2210 | -8/Materials | Entered Factory 2210 | -7/Factory | Evolved 2 slots: Propulsion x1, Utility x1 2226 | -7/Factory | Build established: Mutant 2373 | -7/Factory | Garrison activated, responded to threat 2407 | -7/Factory | Lost 5 parts (1p2n2w) 2631 | -7/Factory | Destroyed 8 combat bots 2634 | -7/Factory | Build established: Scavenger-Mutant 2679 | -7/Factory | Lost 3 parts (2n1w) 2826 | -7/Factory | Discovered new exit (range 5) 2830 | -7/Factory | Identified exit to Lower Caves 2907 | -7/Factory | Discovered new exit (range 16) 3096 | -7/Factory | Fabricated Imp. Flight Unit (x1) 3132 | -7/Factory | Identified exit to Factory 3184 | -7/Factory | Entered Lower Caves 3198 | -7/Lower Caves | Encountered a Warlord checkpoint 3299 | -7/Lower Caves | Attracted the attention of an 0b10 checkpoint 3312 | -7/Lower Caves | Learned location of 1 exit from Proximity Caves 3357 | -7/Lower Caves | Lost 3 parts (1p1n1w) 3444 | -7/Lower Caves | Build established: Hacker-Sprinter 4120 | -7/Lower Caves | Discovered new exit (range 10) 4434 | -7/Lower Caves | Identified exit to Lower Caves 4437 | -7/Lower Caves | Entered another Lower Caves area 4536 | -7/Lower Caves | Discovered exit to Factory (range 15) 5282 | -7/Lower Caves | Discovered new exit (range 13) 5286 | -7/Lower Caves | Identified exit to Data Miner 5312 | -7/Lower Caves | Entered Data Miner 5313 | -7/Data Miner | Discovered new exit (range 6) 5314 | -7/Data Miner | Identified exit to Proximity Caves 5319 | -7/Data Miner | Met Data Miner 5325 | -7/Data Miner | Learned location of Section 7 (-2) 5325 | -7/Data Miner | Acquired the access code to Warlord's prototype stash 5330 | -7/Data Miner | Received God Mode back door access code from Data Miner 5343 | -7/Data Miner | Entered Proximity Caves 5439 | -6/Proximity Caves | Escorted by Enhanced Grunt 5702 | -6/Proximity Caves | Core integrity fell below 50% 5721 | -6/Proximity Caves | Entered Factory 5721 | -6/Factory | Evolved 2 slots: Utility x2 5722 | -6/Factory | Identified exit to Extension 6108 | -6/Factory | Repaired Imp. Flight Unit 6129 | -6/Factory | Build established: Hacker-Ninja 6153 | -6/Factory | Identified exit to Factory 6237 | -6/Factory | Entered Extension 6266 | -6/Extension | Rescued a captive Derelict 6267 | -6/Extension | Rescued a captive Derelict 6270 | -6/Extension | Rescued a captive Derelict 6273 | -6/Extension | Rescued a captive Derelict 6274 | -6/Extension | Rescued a captive Derelict 6360 | -6/Extension | Rescued a captive Derelict 6417 | -6/Extension | Rescued a captive Derelict 6418 | -6/Extension | Rescued a captive Derelict 6418 | -6/Extension | Rescued a captive Derelict 6422 | -6/Extension | Rescued a captive Derelict 6606 | -6/Extension | Spotted B-75 Beast 6671 | -6/Extension | Build established: Commander-Ninja 6701 | -6/Extension | Allies destroyed B-75 Beast 6702 | -6/Extension | Spotted B-75 Beast 6730 | -6/Extension | Allies destroyed B-75 Beast 6748 | -6/Extension | Rescued a captive Derelict 6772 | -6/Extension | Rescued a captive Derelict 6899 | -6/Extension | Rescued a captive Derelict 6900 | -6/Extension | Rescued a captive Derelict 6923 | -6/Extension | Rescued A7 6969 | -6/Extension | Discovered exit to Factory (range 10) 6970 | -6/Extension | Discovered new exit (range 6) 7039 | -6/Extension | Identified exit to Cetus 7081 | -6/Extension | Entered Cetus 7081 | -6/Cetus | Accompanied by 12 allies (A7) 7084 | -6/Cetus | Spotted Cetus Guard 7085 | -6/Cetus | Spotted Cetus Guard 7085 | -6/Cetus | Spotted Cetus Guard 7085 | -6/Cetus | Spotted Cetus Guard 7086 | -6/Cetus | Acquired a Cetus Manufacturing Module code from A7 7097 | -6/Cetus | Allies destroyed Cetus Guard 7111 | -6/Cetus | Allies destroyed Cetus Guard 7112 | -6/Cetus | Allies destroyed Cetus Guard 7114 | -6/Cetus | Allies destroyed Cetus Guard 7150 | -6/Cetus | Discovered exit to Factory (range 22) 7193 | -6/Cetus | Started Cetus Manufacturing Module 7208 | -6/Cetus | Build established: Commander-Scout 7218 | -6/Cetus | Manufactured an Enhanced Grunt 7243 | -6/Cetus | Manufactured an Enhanced Grunt 7268 | -6/Cetus | Manufactured an Enhanced Grunt 7293 | -6/Cetus | Manufactured an Enhanced Grunt 7301 | -6/Cetus | Cetus Manufacturing Module disabled 7317 | -6/Cetus | Escorted A7 to Cetus Mainframe 7345 | -6/Cetus | Discovered new exit (range 21) 7352 | -6/Cetus | Spotted Cetus Guard 7352 | -6/Cetus | Spotted Cetus Guard 7352 | -6/Cetus | Spotted Cetus Guard 7352 | -6/Cetus | Spotted Cetus Guard 7393 | -6/Cetus | Discovered exit to Factory (range 22) 7395 | -6/Cetus | Allies destroyed Cetus Guard 7405 | -6/Cetus | Allies destroyed Cetus Guard 7411 | -6/Cetus | Allies destroyed Cetus Guard 7412 | -6/Cetus | Allies destroyed Cetus Guard 7423 | -6/Cetus | Extracted ID and sensor layout for unrecognized location from A7's data core 7430 | -6/Cetus | Met Revision 17 7542 | -6/Cetus | Identified exit to Archives 7543 | -6/Cetus | Entered Archives 7577 | -6/Archives | Discovered new exit (range 22) 7582 | -6/Archives | Discovered exit to Factory (range 21) 7584 | -6/Archives | Discovered new exit (range 13) 7593 | -6/Archives | Identified exit to Hub_04(d) 7594 | -6/Archives | Entered Hub_04(d) 7624 | -6/Hub_04(d) | Lost 5 parts (1p1n3u) 7685 | -6/Hub_04(d) | Lost 3 parts (1n1u1w) 7738 | -6/Hub_04(d) | Spotted B-75 Beast 7852 | -6/Hub_04(d) | Network Hub disabled 7858 | -6/Hub_04(d) | Spotted Lightning 7858 | -6/Hub_04(d) | Spotted Lightning 7863 | -6/Hub_04(d) | Entered Factory 7863 | -5/Factory | Evolved 2 slots: Propulsion x2 7893 | -5/Factory | Lost 4 parts (2n1u1w) 7897 | -5/Factory | Discovered new exit (range 16) 7903 | -5/Factory | Identified exit to Factory 7963 | -5/Factory | Identified exit to Upper Caves 8098 | -5/Factory | Entered another Factory area 8098 | -4/Factory | Evolved 2 slots: Power x1, Utility x1 8217 | -4/Factory | Incoming investigation squad redirected 8242 | -4/Factory | Fabricated Imp. Flight Unit (x1) 8281 | -4/Factory | Identified exit to Upper Caves 8281 | -4/Factory | Identified exit to Armory 8281 | -4/Factory | Identified exit to Research 8422 | -4/Factory | Build established: Hacker-Scout 8467 | -4/Factory | Spotted B-86 Titan 8558 | -4/Factory | Central database locked down 8668 | -4/Factory | Lost 3 parts (1p2n) 8738 | -4/Factory | Mak. Hacking Suite fried by hacking feedback 8768 | -4/Factory | Incoming investigation squad redirected 8801 | -4/Factory | Entered Upper Caves 8830 | -4/Upper Caves | Lost 7 parts (3p2n2u) 8893 | -4/Upper Caves | Found Alien Artifact 8894 | -4/Upper Caves | Identified Dimensional Node Initializer 8894 | -4/Upper Caves | Initialized slip node 9023 | -4/Upper Caves | Discovered new exit (range 13) 9044 | -4/Upper Caves | Identified exit to Upper Caves 9080 | -4/Upper Caves | Entered another Upper Caves area 9092 | -4/Upper Caves | Discovered exit to Research (range 9) 9107 | -4/Upper Caves | Build established: Mutant 9164 | -4/Upper Caves | Spotted B-86 Titan 9483 | -4/Upper Caves | Discovered new exit (range 5) 9484 | -4/Upper Caves | Identified exit to Zhirov 9484 | -4/Upper Caves | Entered Zhirov 9485 | -4/Zhirov | Discovered new exit (range 3) 9491 | -4/Zhirov | Met Zhirov 9497 | -4/Zhirov | Learned location of Quarantine (-3) 9497 | -4/Zhirov | Learned location of Testing (-2) 9497 | -4/Zhirov | Learned location of Command (-1) 9503 | -4/Zhirov | Zhirov requested help retrieving the SGEMP Prototype 9545 | -4/Zhirov | Found Alien Artifact 9545 | -4/Zhirov | Identified Integrated Dissipator 9545 | -4/Zhirov | Installed Integrated Dissipator, increased core heat dissipation (+20) 9556 | -4/Zhirov | Found Alien Artifact 9569 | -4/Zhirov | Identified exit to Proximity Caves 9569 | -4/Zhirov | Entered Proximity Caves 9730 | -3/Proximity Caves | Attracted the attention of an 0b10 checkpoint 9741 | -3/Proximity Caves | Snuck into a huge 0b10 base via the rear entrance 9751 | -3/Proximity Caves | Discovered exit to Research (range 8) 9770 | -3/Proximity Caves | Core integrity fell below 50% 9794 | -3/Proximity Caves | Entered Research 9794 | -3/Research | Evolved 2 slots: Utility x2 9827 | -3/Research | Spotted B-86 Titan 9842 | -3/Research | Discovered new exit (range 9) 9844 | -3/Research | Identified exit to Quarantine 9884 | -3/Research | Entered Quarantine 9897 | -3/Quarantine | Found Alien Reactor 9897 | -3/Quarantine | Identified Matter Drive 9935 | -3/Quarantine | Found Alien Artifact 10040 | -3/Quarantine | Incoming investigation squad redirected 10100 | -3/Quarantine | Scanned by Researcher 10122 | -3/Quarantine | Found Alien Impact Weapon 10122 | -3/Quarantine | Identified Core Stripper 10142 | -3/Quarantine | Found Prototype Device 10142 | -3/Quarantine | Identified Exp. EM Disruption Field 10180 | -3/Quarantine | Discovered new exit (range 13) 10183 | -3/Quarantine | Identified exit to Research 10209 | -3/Quarantine | Entered Research 10209 | -2/Research | Evolved 2 slots: Utility x2 10237 | -2/Research | Lost 3 parts (1n1u1w) 10242 | -2/Research | Spotted B-90 Cyclops 10285 | -2/Research | Identified exit to Testing 10294 | -2/Research | Build established: Hacker-Ninja 10392 | -2/Research | Found Exp. Cloaking Device 10439 | -2/Research | Repaired Impulse Thruster Array 10484 | -2/Research | Repaired Broken Adv. Transmission Jammer 10581 | -2/Research | Discovered new exit (range 21) 10614 | -2/Research | Identified exit to Access 10615 | -2/Research | Entered Access 10615 | -1/Access | Evolved 2 slots: Utility x2 10643 | -1/Access | Lost 4 parts (2p2u) 10732 | -1/Access | Found Enh. Force Lance 10898 | -1/Access | Search patrols dispatched 10932 | -1/Access | Identified Transdimensional Reconstructor 10932 | -1/Access | Warped through subspace 10961 | -1/Access | Lost 7 parts (1p2n2u2w) 11040 | -1/Access | Spotted B-99 Colossus 11121 | -1/Access | Identified exit to Surface 11221 | -1/Access | Build established: Hacker-Scout 11249 | -1/Access | Adv. System Shield fried by hacking feedback 11249 | -1/Access | Identified Terrabomb 11249 | -1/Access | Used Terrabomb 11272 | *** | Escaped! Last Messages --------------- 11245_ Adv. Corruption Screen intercepted 1% system corruption. 11248_ P-80 Master resets A-15 Conveyor, system corruption cleaned. 11248_ Electron Diverter destroyed. 11249_ Connecting with Terminal... Feedback: Adv. System Shield fried. 11249_ ALERT: Suspicious activity at Terminal A001. Dispatching Investigation squad. 11249_ Identified Terrabomb. 11249_ Terrabomb activated. 11250_ U-05 Engineer builds a Wall. 11250_ Terminal disabled. 11251_ K-01 Serf collects debris. 11254_ HV Slug penetrates Main Access Shell. 11259_ >> Machine Analyzer network decryption results: 11259_ Terminal x2 11260_ Cld. Nuclear Pulse Thruster destroyed. 11262_ Imp. Weapon Shielding destroyed. 11262_ Slug penetrates Sealed Heavy Doors. 11267_ U-05 Engineer builds a Wall. 11269_ Lrn. Sensor Array destroyed. Map ----- +----------------------------------------------------+ | ]?# #???###############??????""??""""""?? | | ?# #??""G"" #??????T???""""""?? | | ??# # "" "" #??????""??""""""?? | | ! ???# " #??????""??""""""?? | | #######???" " * ! #??????""?????????? | | ?????#?? " " ! #?????????????????? | | ######" " " #?????????????????? | | " " + ! ##????????????????? | | " " """""""""""""""""""######???????????? | | " " """"""""""""" ?????????? | | " " " " ????????? | | " " " " = ????????? | | " " " # ????????? | | " " " " ?????????? | | / " " / " """"T""""?????????? | | ##"""+" " " " """""""""""????????? | | " " " """""""""""#????????????? | | " " """"""""""""" #????????????? | | " " " """ #????????????? | | " " """"""""""""""""""""""??????????????? | | " " """T"""" "??????????????????? | | " " """ """ "??????????????????? | | " " " " """""" "??????????????????? | | ""+""+"" " " " " "??????????????????? | | " " " " "" " "??????????????????? | | " " " " @" " "??????????????????? | | """" " " " " " "??????????????????? | | ""R"" !" # " "" """ "??????????????????? | | "" "" " " " p "??????????????????? | | " " " H """" ??????????? | | " " """""""""%";;;"""""""#??????????????? | | " " " """ #??????????????? | | """"""""""" " ##??????????????? | | " """"""""""; #???????????????? | | " " ; ##???????????????? | | "" + " ; ##????????????????? | | "" " " ; ##????????????""Y""? | | "" + " ; ##?????????????"""""? | | "Y # " ; ###???????????????????? | | "" # " ; ###?????????????????????? | | "" # " ###???????????????????????? | | "" # # #?????????????????????????? | | # ###########?????????????????????????? | | ! # ????????????????????????????????????? | | ?? # ?????????????????????????????????????? | | ????#######??????????????????????????????????????? | | ?????????????????????????????????????????????????? | | ?????????????????????????????????????????????????? | | ?????????????????????????????????????????????????? | | ?????????????????????????????????????????????????? | +----------------------------------------------------+ Best States ------------- Heat Dissipation 74 Coolant Potential 100 Energy Generation 54 Energy Capacity 400 Matter Stores 300 Matter Capacity 300 Sight Range 22 Robot Scan Range 18 Terrain Scan Range 24 Terrain Scan Density 10 Jamming Range 16 Cloak Strength 4 Power Amplification 50 Additional Mass Support 9 Base Temperature (-) 200 Corruption Block 20 Armor Coverage 300 Resistance: KI 20 Resistance: TH 20 Utility Shielding 90 Weapon Shielding 66 Phase Shifting 10 Evasion (%) 84 Melee Accuracy 8 Recoil Reduction 3 Offensive Hacking 33 Defensive Hacking 38 Authchip Count 1 Item Schematics ----------------- Imp. Flight Unit | -7/Factory | Hacked Combat Drone Bay | -7/Data Miner | Free Lgt. Regenerative Plating | -7/Data Miner | Free Cld. Aerolev Unit | -7/Data Miner | Free Thermal Defense Suite | -7/Data Miner | Free Imp. Lightning Gun | -7/Data Miner | Free Arm. Medium Treads | -7/Data Miner | Free Mni. Drone Bay | -7/Data Miner | Free Lance | -7/Data Miner | Free Lgt. Antimatter Reactor | -7/Data Miner | Free Cld. Field Propulsion Drive | -4/Factory | Scanalyzed Assault Drone Bay | -4/Zhirov | Free Exp. Heat Sink | -4/Zhirov | Free Exp. Optical Array | -4/Zhirov | Free Imp. Arc Thrower | -4/Zhirov | Free Robot Schematics ------------------ H-55 Commando | -7/Data Miner | Free S-27 Virus | -7/Data Miner | Free O-24 Administrator | -7/Data Miner | Free Y-54 Guardian | -7/Data Miner | Free L-41 Fighter | -7/Data Miner | Free X-62 Marksman | -7/Data Miner | Free Fabricated ------------ Imp. Flight Unit | x1 | -7/Factory Imp. Flight Unit | x1 | -4/Factory Alien Tech Used ----------------- Dimensional Node Initializer Integrated Dissipator Matter Drive Core Stripper Transdimensional Reconstructor Terrabomb Achievements -------------- None Challenges ------------ None Game ------ Seed HellfireControlSubcomponent Manual? 0 Play Time 03:08:45 Cumulative 187.9 hours Start 2023.11.18 @ 12:50:52 End 2023.11.18 @ 21:53:13 Sessions 3 Manual Loads 0 Difficulty Rogue Special Mode None Game No. 107 Rogue 107 Adventurer 0 Explorer 0 Win Type 0 Total 2 Types 2/0/0/0/0/0/0/0/0 Lore% 46 Gallery% 68 Achievement% 54 Wizard Run 0 Options --------- ASCII 0 Keyboard 1 Movement Numpad Keybinds 0 Fullscreen 1 Font 24/Smallcaps Map View 76x50 Tactical HUD 1 Map Filters NONE Filters NONE Steam 1 RUN: c66a9de2-ea77-4701-ac37-0ec89c2855cd